 Dungeon Crawl Stone Soup version 0.21-a0-507-ga8f6b7a (webtiles) character file.

188 slep the Poker (level 5, -6/42 HPs)
             Began as a Demonspawn Monk on Nov 28, 2017.
             Mangled by Benny's ghost (17 damage)
             ... on level 3 of the Dungeon.
             The game lasted 00:07:32 (1624 turns).

slep the Poker (Demonspawn Monk)                    Turns: 1624, Time: 00:07:46

Health: -6/42      AC:  4    Str: 13    XL:     5   Next: 39%
Magic:  5/5        EV: 13    Int: 11    God:
Gold:   211        SH:  0    Dex: 15    Spells: 4/4 levels left

rFire    . . .     SeeInvis .   a - +0 spear
rCold    . . .     Gourm    .   (no shield)
rNeg     . . .     Faith    .   e - +0 leather armour
rPois    .         Spirit   .   (helmet restricted)
rElec    .         Reflect  .   (no cloak)
rCorr    .         Harm     .   q - +0 pair of gloves
MR       .....                  (no boots)
Stlth    ++........             (no amulet)
HPRegen  0.14/turn              (no ring)
MPRegen  0.09/turn              (no ring)

@: lethally poisoned (-6 -> -7)
A: horns 2, spiny 1
a: no special abilities


You were on level 3 of the Dungeon.
You were not hungry.

You visited 1 branch of the dungeon, and saw 3 of its levels.

You collected 211 gold pieces.

Inventory:

Hand Weapons
 a - a +0 spear (weapon)
Missiles
 j - a throwing net (quivered)
 l - 13 poisoned needles
Armour
 b - a +0 robe
 e - a +0 leather armour (worn)
 q - a +0 pair of gloves (worn)
Scrolls
 f - a scroll of remove curse {unknown}
 g - 3 scrolls of identify {unknown}
 k - 2 scrolls of teleportation {unknown}
 o - a scroll of blinking {unknown}
 r - a scroll of fear {unknown}
Potions
 h - a potion of might {unknown}
 m - a potion of invisibility {unknown}
 n - a potion of brilliance {unknown}
 p - a potion of cancellation
Comestibles
 c - 2 bread rations
 d - 2 meat rations
 i - 2 royal jellies


   Skills:
 + Level 3.8 Fighting
 + Level 3.9 Polearms
 + Level 1.3 Armour
 + Level 3.4 Dodging
 + Level 2.6 Stealth


You had 4 spell levels left.
You didn't know any spells.

Dungeon Overview and Level Annotations

Branches:
Dungeon (3/15)

Altars:

Annotations:
D:2 Terence
D:3 Benny's ghost, amateur HOFi


Innate Abilities, Weirdness & Mutations

You have a pair of horns on your head.
You are partially covered in sharp spines.


Message History

You kill the kobold!
Your leather armour prevents you from hitting the kobold.
You headbutt the kobold.
The kobold is severely wounded.
The kobold barely misses you.
You miss the kobold.
The kobold is severely wounded.
You feel sick. The kobold is struck by your spines.
You kill the kobold!
Benny's ghost hits you.
You hit Benny's ghost but do no damage. Benny's ghost hits you!
* * * LOW HITPOINT WARNING * * *
It was a potion of cancellation.
Your magical effects are unravelling.
You feel magically purged.
You feel yourself speed up.
You feel sick.
Benny's ghost ripples.
Benny's ghost hits you!
You die...

#..........
#.(.........
#.(.........
#((.........
#((.........
#...........
#...........
#...W)......
#...@.......
#...).......
#...........
#...........
#...........
#...........
#....?......
#...........


You could see Benny's ghost.

Vanquished Creatures
  A crimson imp (D:3)
  10 adders
  2 dart slugs
  A leopard gecko (D:3)
  3 giant cockroaches
  8 goblins
  7 hobgoblins
  3 jackals (D:1)
  A quokka (D:3)
  3 ball pythons
  7 bats
  6 frilled lizards
  5 kobolds
  9 rats
66 creatures vanquished.

Notes
Turn   | Place    | Note
-------+----------+-------------------------------------------
     0 | D:1      | slep the Demonspawn Monk began the quest for the Orb.
     0 | D:1      | Reached XP level 1. HP: 18/18 MP: 1/1
    78 | D:1      | Gained mutation: You are partially covered in sharp spines. [demonic ancestry]
    78 | D:1      | Reached XP level 2. HP: 19/24 MP: 2/2
   652 | D:2      | Gained mutation: You have a pair of small horns on your head. [demonic ancestry]
   652 | D:2      | Reached XP level 3. HP: 29/29 MP: 3/3
   767 | D:2      | Reached XP level 4. HP: 10/36 MP: 4/4
   834 | D:2      | Noticed Terence
  1178 | D:2      | Reached skill level 1 in Armour
  1356 | D:3      | Gained mutation: You have a pair of horns on your head. [demonic ancestry]
  1356 | D:3      | Reached XP level 5. HP: 42/42 MP: 5/5
  1533 | D:3      | Noticed Benny's ghost (amateur HOFi)
  1624 | D:3      | Mangled by Benny's ghost

Vault maps used:
D:1:      giann_bridges, minmay_crystal_water, minmay_bisected
D:2:      uniq_terence
D:3:      first_bread, wad_floor_pattern_1, minmay_ruptured

Skill      XL: |  1  2  3  4 |
---------------+-------------+-----
Polearms       | 3 |  3.9
Dodging        | 3 |  3.4
Stealth        | 2 |  2.6
Armour         | 1 |  1.3
Fighting       | |  3.8

Action                   |  1- 3 |  4- 6 || total
-------------------------+-------+-------++-------
Melee: Spear             |    85 |    65 ||   150
       Headbutt          |     7 |    11 ||    18
  Use: Potion            |     1 |     1 ||     2
 Stab: Sleeping          |     3 |     8 ||    11
  Eat: Chunk             |       |     2 ||     2
Armor: Robe              |     5 |       ||     5
       Leather armour    |     7 |     9 ||    16
Dodge: Dodged            |    53 |    39 ||    92

Table legend:
 A = Spawn XP
 B = Non-spawn XP
 C = Spawn XP percentage of total XP
 D = Spawn monster count
 E = Non-spawn monster count
 F = Spawn count percentage of total count
 G = Total turns spent on level
                    A         B        C        D         E        F      G
               +---------+---------+-------+---------+---------+-------+---------
         Total |       0 |     269 |   0.0 |       0 |      66 |   0.0 |  1624
               +---------+---------+-------+---------+---------+-------+---------
           D:1 |       0 |      39 |   0.0 |       0 |      23 |   0.0 |   642
           D:2 |       0 |     142 |   0.0 |       0 |      26 |   0.0 |   678
           D:3 |       0 |      88 |   0.0 |       0 |      17 |   0.0 |   304
               +---------+---------+-------+---------+---------+-------+---------
